 Dungeon Crawl Stone Soup version 0.31-a0-188-g5e087ee2ca (webtiles) character file.

Game seed: 7637139595924240785

196 qw the Skirmisher (level 5, -3/29 HPs)
             Began as a Deep Elf Hunter on June 23, 2023.
             Slain by an orc
             ... wielding a +0 war axe
              (7 damage)
             ... on level 3 of the Dungeon.
             The game lasted 00:00:51 (1634 turns).

qw the Skirmisher (Deep Elf Hunter)                 Turns: 1634, Time: 00:00:51

Health: -3/29      AC:  8    Str: 14    XL:     5   Next: 46%
Magic:  7/7        EV: 12    Int: 11    God:
Gold:   155        SH:  0    Dex: 17    Spells: 4/4 levels left

rFire   . . .        Y - +1 shortbow
rCold   . . .        (shield currently unavailable)
rNeg    . . .        c - +0 leather armour
rPois   .            j - +0 helmet
rElec   .            (no cloak)
rCorr   .            (no gloves)
SInv    .            (no boots)
Will    .....        (no amulet)
Stlth   ++           h - +4 ring of protection
HPRegen 0.24/turn    (no ring)
MPRegen 0.10/turn

%: no passive effects
@: about to teleport
A: dopey 1, strong 1, evolution 1
a: no special abilities


You were on level 3 of the Dungeon.
You visited 1 branch of the dungeon, and saw 4 of its levels.

You collected 155 gold pieces.


Innate Abilities, Weirdness & Mutations

You are dopey. (Int -2)
Your muscles are strong. (Str +4, Int/Dex -1)
You have hidden genetic potential.


   Skills:
 - Level 1.5 Fighting
 - Level 9.0 Ranged Weapons
 + Level 2.5 Dodging
 - Level 1.2 Stealth


You had 4 spell levels left.
You didn't know any spells.
Your spell library was empty.

Inventory:

Hand Weapons
 Y - a +1 shortbow (weapon)
Armour
 c - a +0 leather armour (worn)
 j - a +0 helmet (worn)
Jewellery
 h - a +4 ring of protection (left hand)
Scrolls
 f - a scroll of identify
Potions
 e - a potion of resistance
 g - a potion of heal wounds {unknown}
 i - a potion of ambrosia {unknown}
 k - a potion of might {unknown}

Dungeon Overview and Level Annotations

Branches:
Dungeon (4/15)
 Temple: D:4-7

Altars:


Message History

Where to? (* - list waypoints, Enter - D:4, ? - help)
What level of the Dungeon? (default 1, ? - help)
You climb downwards.
The hound bites you but does no damage. The endoplasm closely misses you.
The iguana closely misses you.
An orc comes into view. It is wielding a +0 mace.
The hound bites you. The orc closely misses you.
The endoplasm closely misses you. The iguana misses you.
There is a stone staircase leading up here.
1628 ||| STAIRDANCE The hound bites you but does no damage.
The orc hits you but does no damage.
The endoplasm hits you but does no damage.
The iguana bites you! The hound barely misses you.
You climb upwards.
There is a stone staircase leading down here.
You shoot an arrow. The arrow hits the hound.
The hound is moderately wounded.
The hound closely misses you. The endoplasm completely misses you.
The orc completely misses you. The iguana bites you.
You shoot an arrow.
The arrow hits the hound but does no damage.
The hound is moderately wounded.
The hound closely misses you. The endoplasm freezes you.
You are frozen.
The iguana closely misses you. The orc barely misses you. The hound bites you.
You shoot an arrow. The arrow hits the hound!
The hound is severely wounded.
The hound bites you but does no damage. The endoplasm closely misses you.
The orc closely misses you. The iguana bites you.
1633 ||| READING scroll of teleportation.
As you read the scroll of teleportation, it crumbles to dust.
You feel strangely unstable. The hound closely misses you.
The endoplasm closely misses you. The iguana closely misses you.
The orc hits you with a +0 war axe.
The hound pauses to sniff the ground.
The hound bites you but does no damage.
You shoot an arrow. The arrow hits the hound!
You kill the hound!
The orc hits you with a +0 war axe!
You die...

#.##.#.##.......####.###.# ##....
#.##.#.##.......####.##..# #....#
#.##.#.#.............#..####..#.#
#........#................##..#.#
...#.#.###..........(...........#
.#...#.# #......................#
.......# #.......................
####...# #.....o.J...............
# #...#####.#.#@................
# ###..####.#.#l................
# #...#.........#..####....... #
##.#....##.#####.## #....... ##
#......#.........# #.......
.####..####..#.####### ####....
..%....####.##.# ##.....
............##.# #.<....
............##.### #......


You could see an iguana, an orc and an endoplasm.

Vanquished Creatures
  A scorpion (D:2)
  A hound (D:3)
  Jessica (D:2)
  4 adders
  2 worms (D:2)
  4 dart slugs
  9 ball pythons
  3 endoplasms
  2 giant cockroaches (D:2)
  8 goblins
  7 hobgoblins
  3 quokkas
  5 bats
  A frilled lizard (D:3)
  6 kobolds
  6 rats
63 creatures vanquished.

Notes
Turn   | Place    | Note
-------+----------+-------------------------------------------
     0 | D:1      | qw the Deep Elf Hunter began the quest for the Orb.
     0 | D:1      | Reached XP level 1. HP: 12/12 MP: 3/3
     0 | D:1      | 0 ||| qw: Version: 0.3-a-9-g12657ce
     0 | D:1      | 0 ||| qw: Game counter: 3148
     0 | D:1      | 0 ||| qw: Always use a shield: true
     0 | D:1      | 0 ||| qw: God list: Okawaru
     0 | D:1      | 0 ||| qw: Allow faded altars: false
     0 | D:1      | 0 ||| qw: Do Orc after D:15 true
     0 | D:1      | 0 ||| qw: Do second Lair branch before Depths: true
     0 | D:1      | 0 ||| qw: Lair rune preference: random
     0 | D:1      | 0 ||| qw: Plans: Normal
     0 | D:1      | 0 ||| PLANNING D:1-11
   134 | D:1      | Reached skill level 6 in Ranged Weapons
   134 | D:1      | Reached XP level 2. HP: 16/16 MP: 4/4
   679 | D:1      | 679 ||| UPGRADING to +4 ring of protection.
   680 | D:1      | 680 ||| READING 2 scrolls labelled INIYNUERHE.
   685 | D:1      | 685 ||| READING scroll labelled ELURGH RIUN.
   686 | D:1      | 686 ||| READING scroll labelled SAKLO LANEMEW.
   687 | D:1      | 687 ||| READING scroll labelled BYLOKU AHELUIRR.
   688 | D:1      | 688 ||| READING scroll labelled BIDEFY MIFIM.
   689 | D:1      | 689 ||| DRINKING 2 cyan potions.
   690 | D:1      | 690 ||| DROPPING scroll of butterflies.
   729 | D:2      | Reached XP level 3. HP: 20/20 MP: 5/5
   737 | D:2      | Noticed Jessica
   739 | D:2      | Killed Jessica
   740 | D:2      | Reached skill level 7 in Ranged Weapons
   831 | D:2      | Noticed a scorpion
   841 | D:2      | Killed a scorpion
   842 | D:2      | Reached skill level 8 in Ranged Weapons
   842 | D:2      | Reached XP level 4. HP: 23/25 MP: 6/6
   883 | D:2      | Reached XP level 5. HP: 29/29 MP: 7/7
  1028 | D:2      | 1028 ||| Stepping ~*~*~tactically~*~*~ (outnumbered).
  1159 | D:2      | 1159 ||| DROPPING +6 ring of intelligence.
  1160 | D:2      | 1160 ||| READING scroll labelled YRPHUY OGAIRILI.
  1161 | D:2      | 1161 ||| READING scroll labelled WEXESE WUUDO.
  1163 | D:2      | 1163 ||| Stepping ~*~*~tactically~*~*~ (cloud).
  1439 | D:3      | Reached skill level 9 in Ranged Weapons
  1589 | D:3      | 1589 ||| UPGRADING to +0 helmet.
  1594 | D:3      | 1594 ||| DRINKING 2 metallic inky potions.
  1594 | D:3      | Gained mutation: You occasionally lose the ability to drink
                  | potions when taking damage. [potion of mutation]
  1594 | D:3      | Gained mutation: You are strong-willed. (Will+) [potion of
                  | mutation]
  1595 | D:3      | 1595 ||| DRINKING potion of mutation.
  1595 | D:3      | Lost mutation: You occasionally lose the ability to drink
                  | potions when taking damage. [potion of mutation]
  1595 | D:3      | Lost mutation: You are strong-willed. (Will+) [potion of
                  | mutation]
  1595 | D:3      | Gained mutation: Your muscles are strong. (Str +4, Int/Dex
                  | -1) [potion of mutation]
  1595 | D:3      | Gained mutation: You have hidden genetic potential. [potion
                  | of mutation]
  1595 | D:3      | Gained mutation: You are dopey. (Int -2) [potion of
                  | mutation]
  1596 | D:3      | 1596 ||| READING 2 scrolls of identify.
  1596 | D:3      | 1596 ||| IDENTIFYING murky pink potion
  1623 | D:4      | 1623 ||| STAIRDANCE
  1625 | D:3      | 1625 ||| DRINKING potion of curing.
  1625 | D:3      | 1625 ||| (to cure confusion)
  1628 | D:4      | 1628 ||| STAIRDANCE
  1632 | D:3      | HP: 7/29 [iguana (1)]
  1633 | D:3      | 1633 ||| READING scroll of teleportation.
  1634 | D:3      | Slain by an orc

Levels and vault maps discovered:
D:1:      dpeg_arrival_arbitrary_b, layout_loops_ring
D:2:      kennysheep_the_goblin_king, layout_rooms, uniq_jessica
D:3:      layout_rooms
D:4:      layout_rooms, guppyfry_early_lair_pool, uniq_menkaure

Skill      XL: |  1  2  3  4  5 |
---------------+----------------+-----
Ranged Weapons | 6 8 9 |  9.0
Fighting       | |  1.5
Dodging        | |  2.5
Stealth        | |  1.2

Action                     |  1- 3 |  4- 6 || total
---------------------------+-------+-------++-------
   Fire: Shortbow          |    82 |   100 ||   182
    Use: Scroll            |     5 |     4 ||     9
         Potion            |     1 |     3 ||     4
 Armour: Leather armour    |     4 |    20 ||    24
  Dodge: Dodged            |    16 |    42 ||    58

Table legend:
 A = Non-vault XP
 B = Vault XP
 C = Vault XP percentage of total XP
 D = Non-vault monster count
 E = Vault monster count
 F = Vault count percentage of total count
                 A         B        C        D         E       F
            +---------+---------+-------+---------+---------+-------
      Total |     274 |      50 |  15.4 |      55 |       8 |  12.7
            +---------+---------+-------+---------+---------+-------
        D:1 |      31 |       0 |   0.0 |      19 |       0 |   0.0
        D:2 |     139 |      50 |  26.5 |      21 |       8 |  27.6
        D:3 |     104 |       0 |   0.0 |      15 |       0 |   0.0
            +---------+---------+-------+---------+---------+-------
